 Dungeon Crawl Stone Soup version 0.19-a0-1886-gd64a0f0 (console) character file.

39 brucemayne the Chopper (level 3, -3/46 HPs)
             Began as a Hill Orc Monk on Oct 15, 2016.
             Slain by an orc warrior
             ... wielding a +0 long sword
              (5 damage)
             ... on level 6 of the Dungeon.
             The game lasted 00:02:39 (720 turns).

brucemayne the Chopper (Hill Orc Monk)               Turns: 720, Time: 00:02:40

Health: -3/46      AC: 21    Str: 14    XL:     3   Next: 45%
Magic:  3/3        EV:  2    Int: 10    God:
Gold:   36         SH:  0    Dex: 13    Spells: 0 memorised, 2 levels left

rFire  . . .     SeeInvis .     a - +0 hand axe
rCold  . . .     Gourm    .     (armour currently unavailable)
rNeg   + + +     Faith    .     (no shield)
rPois  +         Spirit   .     (helmet currently unavailable)
rElec  .         Dismiss  .     (cloak currently unavailable)
rCorr  .         Reflect  .     (gloves currently unavailable)
MR     .....     Harm     .     (boots currently unavailable)
Stlth  ++........ NoTele   +    (no amulet)
                                (no ring)
                                (no ring)

@: tree-form
A: no striking features
a: no special abilities


You were on level 6 of the Dungeon.
You were not hungry.
You were a tree.
You visited 1 branch of the dungeon, and saw 6 of its levels.

You collected 36 gold pieces.

Inventory:

Hand Weapons
 a - a +0 hand axe (weapon)
Armour
 b - a +0 robe
 d - a +0 scale mail (melded)
 g - a +3 leather armour
 h - a +0 chain mail
 o - a +0 buckler
Scrolls
 j - a scroll of magic mapping {unknown}
 k - a scroll of fog {unknown}
 l - a scroll of identify {unknown}
 n - a scroll of remove curse {unknown}
Potions
 e - a potion of lignification
 m - 2 potions of cure mutation
Comestibles
 c - 2 bread rations
 f - a beef jerky
 i - a chunk of flesh


   Skills:
 - Level 3.6 Fighting
 + Level 5.8 Axes
 - Level 2.4 Dodging
 - Level 1.5 Stealth


You had 2 spell levels left.
You didn't know any spells.

Dungeon Overview and Level Annotations

Branches:
Dungeon (6/15)
 Temple: D:4-7

Altars:
Cheibriados
Elyvilon
Fedhas


Message History

Okay, then.
It was a potion of cure mutation.
It has a very clean taste.
The killer bee zombie hits you but does no damage.
The killer bee zombie hits you.
The orc warrior hits you with a long sword!
* * * LOW HITPOINT WARNING * * *
You closely miss the killer bee zombie.
The killer bee zombie is severely damaged.
You hit the orc warrior but do no damage.
The killer bee zombie hits you but does no damage.
The killer bee zombie hits you.
* * * LOW HITPOINT WARNING * * *
Unknown command.
Okay, then.
Okay, then.
You hit the killer bee zombie.
The killer bee zombie is almost destroyed.
You closely miss the orc warrior.
The orc warrior hits you with a long sword.
You die...

#.......#
#.......#
#.......#
#.......#
#.......#
#.......#
#.......#
#.....###
#♣....#
#...oZ....#
#...#.....#
#...#..)..#
#.. #.....#
#.. #.....#
#+ #.....#
.......


You could see an orc warrior and a killer bee zombie.

Vanquished Creatures
  A dart slug (D:1)
  A bat (D:1)
  2 giant cockroaches
  2 hobgoblins
  10 jackals
  A quokka (D:2)
  4 frilled lizards
  4 goblins (D:2)
  4 kobolds
  A leopard gecko skeleton (D:3)
  2 rats
32 creatures vanquished.

Notes
Turn   | Place    | Note
-------+----------+-------------------------------------------
     0 | D:1      | brucemayne the Hill Orc Monk began the quest for the Orb.
     0 | D:1      | Reached XP level 1. HP: 19/19 MP: 1/1
   133 | D:1      | Reached XP level 2. HP: 23/26 MP: 2/2
   233 | D:2      | Reached skill level 5 in Axes
   331 | D:2      | Found a white marble altar of Elyvilon.
   331 | D:2      | Found a blossoming altar of Fedhas.
   382 | D:2      | Found a snail-covered altar of Cheibriados.
   463 | D:3      | Reached XP level 3. HP: 27/31 MP: 3/3
   674 | D:5      | Entered Level 5 of the Dungeon
   677 | D:5      | Noticed a sky beast
   717 | D:6      | Noticed an orc warrior
   719 | D:6      | HP: 2/46 [killer bee zombie (2)]
   720 | D:6      | Slain by an orc warrior

Vault maps used:
D:1:      evilmike_arrival_home_sweet_home, serial_corexii_hall,
          corexii_hall_statues_l, corexii_hall_statues_t
D:2:      marbit_many_paths, lemuel_coloured_pillars_altar,
          gammafunk_temple_overflow_wave, cheibriados_altar_1
D:3:      first_bread, fedhas_altar_1
D:4:      yredelemnul_forgotten_temple_becter, portal_sewer_entry_f
D:6:      minmay_hedge_maze, uniq_grinder

Skill      XL: |  1  2 |
---------------+-------+-----
Axes           | 5 |  5.8
Fighting       | |  3.6
Dodging        | |  2.4
Stealth        | |  1.5

Action                   || total
-------------------------++-------
Melee: Hand axe          ||   134
  Use: Potion            ||     2
Armor: Robe              ||     3
       Scale mail        ||    63
       Skin              ||    13
Dodge: Dodged            ||    81
